 Dungeon Crawl Stone Soup version 0.22.3-3-g34f245f157 (webtiles) character file.

399 Morbidden the Chucker (level 6, 0/59 HPs)
             Began as a Troll Hunter on Aug 20, 2020.
             Slain by an iron imp (11 damage)
             ... on level 5 of the Dungeon.
             The game lasted 00:03:45 (2313 turns).

Morbidden the Chucker (Troll Hunter)                Turns: 2313, Time: 00:03:46

Health: 0/59       AC:  6    Str: 23    XL:     6   Next: 54%
Magic:  5/5        EV: 10    Int:  7    God:
Gold:   161        SH:  0    Dex: 10    Spells: 5/5 levels left

rFire    + . .     SeeInvis +     - Unarmed
rCold    . . .     Gourm    +   (no shield)
rNeg     . . .     Faith    .   f - +0 robe {rF+}
rPois    .         Spirit   .   (helmet restricted)
rElec    .         Reflect  .   q - +0 cloak
rCorr    .         Harm     .   (gloves unavailable)
MR       .....                  (boots unavailable)
Stlth    +.........             (no amulet)
HPRegen  0.59/turn              r - ring of see invisible
MPRegen  0.09/turn              (no ring)

@: no status effects
A: large, unfitting armour, claws 3, fast metabolism 3, gourmand, regeneration
1, shaggy fur 1, tough skin 2
a: no special abilities


You were on level 5 of the Dungeon.
You were completely stuffed.

You visited 1 branch of the dungeon, and saw 4 of its levels.

You collected 161 gold pieces.

Inventory:

Missiles
 c - 5 large rocks
 d - 4 throwing nets
 e - 11 tomahawks
 g - 81 stones (quivered)
Armour
 f - a +0 robe of fire resistance (worn)
 q - a +0 cloak (worn)
Jewellery
 r - a ring of see invisible (left claw)
Wands
 p - a wand of clouds (8)
 u - a wand of enslavement (13)
Scrolls
 a - a scroll of remove curse
 h - 2 scrolls of teleportation {unknown}
 k - 2 scrolls of magic mapping {unknown}
 l - 3 scrolls of identify {unknown}
 n - 2 scrolls of enchant weapon {unknown}
Potions
 b - 2 potions of ambrosia {unknown}
 i - 3 potions of cancellation {unknown}
 j - a potion of degeneration {unknown}
 m - a potion of haste {unknown}
 o - a potion of lignification {unknown}
 v - a potion of curing {unknown}
Comestibles
 s - 2 rations
 t - 5 chunks of flesh


   Skills:
 * Level 2.4 Fighting
 * Level 5.8 Throwing
 + Level 2.0 Dodging
 + Level 0.9 Stealth
 * Level 3.1 Unarmed Combat


You had 5 spell levels left.
You didn't know any spells.
Your spell library contained the following spells:

 Spells                   Type           Power        Failure   Level  Hunger
 Sting                    Conj/Pois      #...         43%         1    ##.....
 Poisonous Vapours        Pois/Air       #.....       56%         2    ###....
 Mephitic Cloud           Conj/Pois/Air  #.......     80%         3    ####...
 Olgreb's Toxic Radiance  Pois           #.......     99%         4    #####..
 Venom Bolt               Conj/Pois      #.........   100%        5    ######.


Dungeon Overview and Level Annotations

Branches:
Dungeon (3/15)

Altars:
Dithmenos
Makhleb
Okawaru


Innate Abilities, Weirdness & Mutations

You are too large for most types of armour.
You have claws for hands.
Your metabolism is lightning-fast.
You like to eat raw meat.
Your natural rate of healing is unusually fast.
You are covered in fur. (AC +1)
You have very tough skin. (AC +2)


Message History

You are too injured to fight recklessly!
You are too injured to fight recklessly!
You barely miss the iron imp.
The iron imp is heavily wounded.
The iron imp hits you!
* * * LOW HITPOINT WARNING * * *
The iron imp hits you but does no damage.
You claw the iron imp!
You kill the iron imp!
Your Unarmed Combat skill increases to level 3!
The iron imp hits you but does no damage.
The iron imp hits you.
You claw the iron imp!
The iron imp is almost dead.
The iron imp hits you!
* * * LOW HITPOINT WARNING * * *
You barely miss the iron imp.
The iron imp is almost dead.
The iron imp hits you!
You die...

#....§≈≈......#
#.....≈§......#
#.._...8§.....#
#.....≈≈......#
#.....≈≈......#
#..§.≈≈......##
#.§§≈§.......#
#.§≈≈........#
#..5@§.......#
##############


You could see an iron imp.

Vanquished Creatures
  Sigmund (D:2)
  A hound (D:3)
  2 iron imps (D:5)
  Jessica (D:2)
  Robin (D:3)
  4 gnolls
  A howler monkey skeleton (D:5)
  An adder (D:2)
  An ooze (D:2)
  A worm (D:2)
  2 dart slugs
  2 leopard geckos
  A giant cockroach (D:3)
  9 goblins
  10 hobgoblins
  A ball python (D:2)
  6 bats
  3 frilled lizards
  6 kobolds
  8 rats
62 creatures vanquished.

Notes
Turn   | Place    | Note
-------+----------+-------------------------------------------
     0 | D:1      | Morbidden the Troll Hunter began the quest for the Orb.
     0 | D:1      | Reached XP level 1. HP: 19/19 MP: 0/0
   297 | D:1      | Reached XP level 2. HP: 27/27 MP: 1/1
  1052 | D:2      | Noticed Jessica
  1073 | D:2      | Killed Jessica
  1073 | D:2      | Reached skill level 4 in Throwing
  1073 | D:2      | Reached XP level 3. HP: 33/35 MP: 2/2
  1130 | D:2      | Noticed Sigmund
  1136 | D:2      | Killed Sigmund
  1136 | D:2      | Reached skill level 5 in Throwing
  1136 | D:2      | Reached skill level 1 in Unarmed Combat
  1136 | D:2      | Reached XP level 4. HP: 31/42 MP: 3/3
  1136 | D:2      | Reached XP level 5. HP: 37/49 MP: 4/4
  1249 | D:2      | Found an iron altar of Okawaru.
  1847 | D:3      | Reached XP level 6. HP: 57/57 MP: 5/5
  1900 | D:3      | Found a shadowy altar of Dithmenos.
  2121 | D:3      | Noticed Robin
  2182 | D:3      | Killed Robin
  2264 | D:3      | You fall through a shaft for 2 floors!
  2264 | D:5      | Entered Level 5 of the Dungeon
  2283 | D:5      | Found a burning altar of Makhleb.
  2313 | D:5      | Slain by an iron imp

Skill      XL: |  1  2  3  4  5  6 |
---------------+-------------------+-----
Throwing       | 4 5 |  5.8
Fighting       | 2 |  2.4
Unarmed Combat | 1 2 3 |  3.1
Dodging        | 2 |  2.0
Stealth        | |  0.9

Action                   |  1- 3 |  4- 6 || total
-------------------------+-------+-------++-------
Melee: Unarmed           |    35 |   177 ||   212
Throw: Stone             |     3 |       ||     3
  Use: Scroll            |       |     1 ||     1
 Stab: Sleeping          |       |     4 ||     4
  Eat: Ration            |     2 |       ||     2
       Chunk             |     1 |    19 ||    20
Armor: Robe              |     5 |    53 ||    58
Dodge: Dodged            |    18 |    84 ||   102
